 Dungeon Crawl Stone Soup version 0.22-a0-161-g198051c (webtiles) character file.

10 Diablos the Skirmisher (level 2, 18/24 HPs)
             Began as a Demonspawn Fighter on Feb 10, 2018.
             Quit the game on level 1 of the Dungeon.
             The game lasted 00:00:21 (268 turns).

Diablos the Skirmisher (Demonspawn Fighter)          Turns: 268, Time: 00:00:22

Health: 18/24      AC:  6    Str: 16    XL:     2   Next: 10%
Magic:  2/2        EV:  6    Int:  9    God:
Gold:   57         SH: 10    Dex: 12    Spells: 1/1 levels left

rFire    . . .     SeeInvis .   a - +0 war axe
rCold    . . .     Gourm    .   c - +0 shield
rNeg     . . .     Faith    .   b - +0 scale mail
rPois    .         Spirit   .   (no helmet)
rElec    .         Reflect  +   (no cloak)
rCorr    .         Harm     .   (no gloves)
MR       .....                  (no boots)
Stlth    ..........             h - +2 amulet of reflection
HPRegen  0.08/turn              e - ring of wizardry
MPRegen  0.08/turn              (no ring)

@: no status effects
A: demonic guardian 1
a: no special abilities


You were on level 1 of the Dungeon.
You were not hungry.

You visited 1 branch of the dungeon, and saw 1 of its levels.

You collected 57 gold pieces.

Inventory:

Hand Weapons
 a - a +0 war axe (weapon)
Armour
 b - a +0 scale mail (worn)
 c - a +0 shield (worn)
Jewellery
 e - a ring of wizardry (left hand)
 h - a +2 amulet of reflection (around neck)
Scrolls
 i - a scroll of immolation {unknown}
 j - a scroll of magic mapping {unknown}
Potions
 d - a potion of might
 g - a potion of lignification {unknown}
Comestibles
 f - a ration


   Skills:
 + Level 3.1 Fighting
 + Level 1.7 Axes
 + Level 3.0 Armour
 + Level 2.7 Shields


You had one spell level left.
You didn't know any spells.

Dungeon Overview and Level Annotations

Branches:
Dungeon (1/15)

Altars:


Innate Abilities, Weirdness & Mutations

A weak demonic guardian rushes to your aid.


Message History

You block the hobgoblin's attack. x2
You closely miss the hobgoblin.
The hobgoblin is severely wounded.
The hobgoblin hits you.
You closely miss the hobgoblin.
The hobgoblin is severely wounded.
You block the hobgoblin's attack. x2
You hit the hobgoblin.
The hobgoblin is almost dead.
The hobgoblin hits you but does no damage.
You hit the hobgoblin.
You kill the hobgoblin!
No target in view!
No target in view!
You see here a hobgoblin corpse.
Put on which piece of jewellery? (? for menu, Esc to quit)
e - a ring of wizardry (left hand) Put on which piece of jewellery? (? for menu, Esc to quit)
h - a +2 amulet of reflection (around neck) Are you sure you want to abandon this character and quit the game? (Confirm with "yes".)

#.......................
##.#.###................
#.#.# #......†.........
#.#.#####.##.##.......#
#......##.##.##########
###.##.##.##.# ###
#..)†...##'## #..
####.####...## #.#
#@###.....## #.#
#.##.......## #..
..#.........####..
...'.......).'(....
.##.#.......).####.. .#
...#.......## ##. #.
...##.....## ## # ...
##...## ##+##


There were no monsters in sight!

Vanquished Creatures
  A bat (D:1)
  A giant cockroach (D:1)
  4 hobgoblins (D:1)
  A ball python (D:1)
  2 kobolds (D:1)
9 creatures vanquished.

Notes
Turn   | Place    | Note
-------+----------+-------------------------------------------
     0 | D:1      | Diablos the Demonspawn Fighter began the quest for the Orb.
     0 | D:1      | Reached XP level 1. HP: 18/18 MP: 1/1
   257 | D:1      | Gained mutation: A weak demonic guardian rushes to your aid. [demonic ancestry]
   257 | D:1      | Reached XP level 2. HP: 19/24 MP: 2/2
   268 | D:1      | Quit the game

Vault maps used:
D:1:      dpeg_arrival_long_road

Skill      XL: |  1 |
---------------+----+-----
Armour         | 3 |  3.0
Fighting       | |  3.1
Axes           | |  1.7
Shields        | |  2.7

Action                   || total
-------------------------++-------
Melee: War axe           ||    44
Armor: Scale mail        ||    18
Dodge: Dodged            ||    11
Block: Shield            ||    29

Table legend:
 A = Spawn XP
 B = Non-spawn XP
 C = Spawn XP percentage of total XP
 D = Spawn monster count
 E = Non-spawn monster count
 F = Spawn count percentage of total count
 G = Total turns spent on level
                    A         B        C        D         E        F      G
               +---------+---------+-------+---------+---------+-------+---------
         Total |       0 |      15 |   0.0 |       0 |       9 |   0.0 |   268
               +---------+---------+-------+---------+---------+-------+---------
           D:1 |       0 |      15 |   0.0 |       0 |       9 |   0.0 |   268
               +---------+---------+-------+---------+---------+-------+---------
